 Dungeon Crawl Stone Soup version 0.19-a0-1168-g98094fc (webtiles) character file.

61 PurpleRed the Conjurer (level 3, 0/19 HPs)
             Began as a Deep Elf Conjurer on Aug 16, 2016.
             Succumbed to an adder's poison
             ... on level 2 of the Dungeon.
             The game lasted 00:03:54 (824 turns).

PurpleRed the Conjurer (Deep Elf Conjurer)           Turns: 824, Time: 00:03:55

Health: 0/19       AC:  2    Str:  5    XL:     3   Next: 83%
Magic:  4/10       EV: 13    Int: 20    God:
Gold:   37         SH:  0    Dex: 15    Spells: 2 memorised, 6 levels left

rFire  . . .     SeeInvis .     (no weapon)
rCold  . . .     Gourm    .     a - +0 robe
rNeg   . . .     Faith    .     (no shield)
rPois  .         Spirit   .     (no helmet)
rElec  .         Dismiss  .     (no cloak)
rCorr  .         Reflect  .     (no gloves)
MR     .....     Harm     .     (no boots)
Stlth  ++........               (no amulet)
                                (no ring)
                                (no ring)

@: lethally poisoned (0 -> -5)
A: no striking features
a: no special abilities


You were on level 2 of the Dungeon.
You were not hungry.

You visited 1 branch of the dungeon, and saw 2 of its levels.

You collected 37 gold pieces.

Inventory:

Hand Weapons
 d - a +1 hand axe of chopping
 n - a cursed -1 dagger
Armour
 a - a +0 robe (worn)
Scrolls
 e - 3 scrolls of enchant weapon {unknown}
 f - 3 scrolls of identify {unknown}
 g - a scroll of recharging {unknown}
 h - a scroll of remove curse {unknown}
 k - a scroll of magic mapping {unknown}
 m - a scroll of fog {unknown}
 p - a scroll of enchant armour {unknown}
Potions
 j - a potion of cancellation
 l - 2 potions of heal wounds {unknown}
 o - a potion of berserk rage {unknown}
Books
 b - a book of Conjurations

   Spells                             Type                      Level
   a - Magic Dart                     Conjuration                  1
   b - Searing Ray                    Conjuration                  2
   c - Dazzling Spray                 Conjuration/Hexes            3
   d - Fulminant Prism                Conjuration/Hexes            4
   e - Iskenderun's Mystic Blast      Conjuration                  4
   f - Iskenderun's Battlesphere      Conjuration/Charms           5
Comestibles
 c - 2 bread rations
 i - a beef jerky


   Skills:
 - Level 2.4 Dodging
 - Level 2.4 Stealth
 + Level 3.9 Spellcasting
 * Level 5.6 Conjurations


You had 6 spell levels left.
You knew the following spells:

 Your Spells              Type           Power        Failure   Level  Hunger
a - Magic Dart            Conj           ####         1%          1    None
b - Searing Ray           Conj           ####..       1%          2    ##.....


Dungeon Overview and Level Annotations

Branches:
Dungeon (2/15)

Altars:
Ashenzari
Elyvilon
Makhleb
Sif Muna
Trog


Message History

You feel sick. The adder closely misses you.
There is an open door here.
The adder completely misses you.
You feel sick. The adder barely misses you.
You feel sick. The adder bites you.
You are more poisoned.
The adder poisons you!
You feel sick.
There is an open door here.
You feel sick. The adder bites you.
Things that are here:
a jackal skeleton x2
You feel sick.
You feel sick. The adder bites you.
* * * LOW HITPOINT WARNING * * *
You see here a jackal skeleton.
It was a potion of cancellation.
You feel magically purged.
You die...

###'#..# #..#...##...#..#+##.....
....#.#####.#...#######+#+##.....
....#_#.# #_#...# #.........#####
....###.# ##...###.......(...#
........# #.....[...........#
........# #......###........#
........# #......# ####'#####
........#####......######'######
........'.รท....S@..#...........#
........######.....#.....>.....+
........# #.....#...........#
........# #.................#
........######..###.###........#
........#.......# #.# #........#
###..##....w....# #+# #........#
#...............+ .........#
#.............### #........#


You could see an adder.

Vanquished Creatures
  Ijyb (D:2)
  A dart slug (D:1)
  A giant gecko (D:2)
  A ball python (D:1)
  2 giant cockroaches
  3 goblins (D:1)
  5 hobgoblins
  8 jackals (D:2)
  3 kobolds
  4 rats (D:1)
29 creatures vanquished.

Notes
Turn   | Place    | Note
-------+----------+-------------------------------------------
     0 | D:1      | PurpleRed the Deep Elf Conjurer began the quest for the Orb.
     0 | D:1      | Reached XP level 1. HP: 10/10 MP: 6/6
   108 | D:1      | Reached XP level 2. HP: 15/15 MP: 0/8
   142 | D:1      | Learned a level 2 spell: Searing Ray
   427 | D:2      | Reached skill level 5 in Conjurations
   506 | D:2      | Noticed Ijyb
   661 | D:2      | Killed Ijyb
   661 | D:2      | Reached XP level 3. HP: 12/19 MP: 2/10
   701 | D:2      | Found a shattered altar of Ashenzari.
   709 | D:2      | Found a white marble altar of Elyvilon.
   717 | D:2      | Found a burning altar of Makhleb.
   720 | D:2      | Found a bloodstained altar of Trog.
   747 | D:2      | Found a deep blue altar of Sif Muna.
   824 | D:2      | Succumbed to an adder's poison

Vault maps used:
D:1:      dpeg_arrival_erosion, minmay_tromino_v4_a
D:2:      minmay_overflow_temple_star_hex, lemuel_doored_altar, uniq_iyjb

Skill      XL: |  1  2 |
---------------+-------+-----
Conjurations   | 5 |  5.6
Dodging        | |  2.4
Stealth        | |  2.4
Spellcasting   | |  3.9

Action                   || total
-------------------------++-------
 Cast: Magic Dart        ||    38
       Searing Ray       ||     8
  Use: Potion            ||     1
Armor: Robe              ||     7
Dodge: Dodged            ||    19
